 Dungeon Crawl Stone Soup version 0.28.0-53-g5a82cb258f (webtiles) character file.

Game seed: 7858209714410106288

1232 Ashen the Chiller (level 8, 0/79 (80) HPs)
             Began as an Ogre Ice Elementalist on July 1, 2022.
             Was an Initiate of Vehumet.
             Slain by a killer bee zombie (4 damage)
             ... on level 7 of the Dungeon.
             The game lasted 00:13:52 (8296 turns).

Ashen the Chiller (Ogre Ice Elementalist)           Turns: 8296, Time: 00:13:53

HP:   0/79 (80)     AC:  3    Str: 13    XL:     8   Next: 48%
MP:   15/15         EV: 10    Int: 18    God:    Vehumet [......]
Gold: 54            SH:  0    Dex:  9    Spells: 5/16 levels left

rFire   . . .      SeeInvis .   s - +0 morningstar
rCold   . . .      Faith    .   (no shield)
rNeg    . . .      Spirit   .   a - +0 robe
rPois   .          Reflect  .   (helmet restricted)
rElec   .          Harm     .   (no cloak)
rCorr   .          Rampage  .   (gloves unavailable)
Will    ++...                   (boots unavailable)
Stlth   ++........              (no amulet)
HPRegen 0.23/turn               n - ring of willpower
MPRegen 0.14/turn               r - ring of willpower

@: hasted, lightly drained, very quick
A: large, unfitting armour, tough skin 1
a: Renounce Religion


You were on level 7 of the Dungeon.
You worshipped Vehumet.
Vehumet was noncommittal.
You visited 1 branch of the dungeon, and saw 7 of its levels.

You collected 336 gold pieces.
You spent 282 gold pieces at shops.

Inventory:

Hand Weapons
 g - a +0 giant club
 h - the +12 dagger of Maixux {flame, Str+4}
   (You found it on level 3 of the Dungeon)

   It burns those it strikes, dealing additional fire damage.
   Str:       It affects your strength (+4).
 s - a +0 morningstar (weapon)
Armour
 a - a +0 robe (worn)
Jewellery
 n - a ring of willpower (left hand)
 r - a ring of willpower (right hand)
 A - a +6 ring of strength
 B - an amulet of reflection
Wands
 x - a wand of acid (10)
Scrolls
 e - 2 scrolls of identify
 f - a scroll of brand weapon {unknown}
 i - 3 scrolls of immolation {unknown}
 j - 5 scrolls of teleportation {unknown}
 k - a scroll of holy word {unknown}
 p - 3 scrolls of vulnerability {unknown}
 q - a scroll of blinking
 u - 2 scrolls of fog {unknown}
 w - a scroll of magic mapping
 y - 3 scrolls of enchant armour {unknown}
Potions
 b - a potion of flight
 d - 2 potions of brilliance
 o - 2 potions of magic
 t - a potion of cancellation
 v - a potion of berserk rage
 z - 2 potions of invisibility {unknown}


   Skills:
 + Level 5.1 Fighting
 + Level 3.2 Maces & Flails
 + Level 4.0 Dodging
 + Level 3.5 Stealth
 + Level 4.9 Spellcasting
 + Level 5.2 Ice Magic


You had 5 spell levels left.
You knew the following spells:

 Your Spells              Type           Power      Damage    Failure   Level
a - Freeze                Ice            92%        1d10      1%          1
b - Frozen Ramparts       Ice            46%        1d6       4%          3
c - Ozocubu's Armour      Ice            23%        N/A       4%          3
d - Hailstorm             Conj/Ice       13%        3d5       41%         4

Your spell library contained the following spells:

 Spells                   Type           Power      Damage    Failure   Level
 Summon Small Mammal      Summ           16%        N/A       14%         1
 Call Canine Familiar     Summ           4%         N/A       38%         3
 Portal Projectile        Hex/Tloc       8%         N/A       38%         3
 Ice Form                 Ice/Tmut       13%        N/A       41%         4
 Summon Ice Beast         Ice/Summ       13%        N/A       41%         4
 Metabolic Englaciation   Hex/Ice        6%         N/A       77%         5
 Leda's Liquefaction      Hex/Erth       2%         N/A       80%         4
 Simulacrum               Ice/Necr       6%         N/A       100%        6


Dungeon Overview and Level Annotations

Branches:
Dungeon (7/15)             Temple (0/1) D:6

Altars:
Kikubaaqudgha
Sif Muna
Vehumet

Shops:
D:3 !=!?   D:5 *


Innate Abilities, Weirdness & Mutations

You are too large for most types of armour.
You have tough skin. (AC +1)


Message History

* * * LOW HITPOINT WARNING * * *
The killer bee zombie hits you.
* * * LOW HITPOINT WARNING * * *
The killer bee zombie hits you.
* * * LOW HITPOINT WARNING * * *
The killer bee zombie hits you.
* * * LOW HITPOINT WARNING * * *
You feel much better.
The killer bee zombie barely misses you.
The killer bee zombie hits you. The killer bee zombie hits you.
* * * LOW HITPOINT WARNING * * *
The killer bee zombie hits you.
* * * LOW HITPOINT WARNING * * *
The killer bee zombie hits you.
* * * LOW HITPOINT WARNING * * *
The killer bee zombie completely misses you.
You see here a hound skeleton.
The killer bee zombie hits you.
* * * LOW HITPOINT WARNING * * *
The killer bee zombie barely misses you.
The killer bee zombie hits you.
* * * LOW HITPOINT WARNING * * *
The killer bee zombie hits you.
* * * LOW HITPOINT WARNING * * *
The killer bee zombie barely misses you.
You see here 7 stones.
The killer bee zombie hits you!
* * * LOW HITPOINT WARNING * * *
You feel better. The killer bee zombie hits you.
* * * LOW HITPOINT WARNING * * *
The killer bee zombie hits you but does no damage.
You feel better.
The killer bee zombie hits you but does no damage.
The killer bee zombie hits you!
* * * LOW HITPOINT WARNING * * *
You feel yourself speed up. The killer bee zombie hits you.
* * * LOW HITPOINT WARNING * * *
The killer bee zombie hits you.
You die...

#. #. ######### #.
#.......# #.
#.#####.# #. #.#
#.# ## #<# #.# #.#
#.# #.#
#@################
###
#.Z(.....รท........
##################


You could see a killer bee zombie.

Vanquished Creatures
  A wyvern (D:7)
  An ice beast (D:6)
  2 ogres
  Blork the orc (D:6)
  2 scorpions (D:4)
  3 wights (D:6)
  3 hounds
  3 jellies (D:4)
  An orc priest (D:2)
  2 centaur skeletons
  An iguana (D:5)
  2 orc wizards (D:2)
  8 adders
  A white imp (D:6)
  An adder skeleton (D:4)
  2 worms (D:3)
  4 dart slugs
  10 orcs
  4 ball pythons
  9 endoplasms
  3 giant cockroaches
  6 goblins
  6 hobgoblins
  5 quokkas
  7 bats
  12 frilled lizards
  4 kobolds
  8 rats
112 creatures vanquished.

Notes
Turn   | Place    | Note
-------+----------+-------------------------------------------
     0 | D:1      | Ashen the Ogre Ice Elementalist began the quest for the
                  | Orb.
     0 | D:1      | Reached XP level 1. HP: 16/16 MP: 3/3
   111 | D:1      | Reached XP level 2. HP: 12/26 MP: 0/5
   448 | D:1      | Reached skill level 1 in Fighting
   639 | D:1      | Found a faded altar of an unknown god.
  1121 | D:2      | You fall into a shaft and drop 1 floor!
  1133 | D:3      | Identified the +12 dagger of Maixux {flame, Str+4}
  1263 | D:3      | Reached XP level 3. HP: 27/33 MP: 7/7
  1267 | D:3      | Learned a level 3 spell: Frozen Ramparts
  1271 | D:3      | Learned a level 3 spell: Ozocubu's Armour
  1327 | D:3      | Found Laphoil's Distillery.
  1351 | D:3      | Bought a potion of curing for 36 gold pieces
  1368 | D:3      | Found Qarphug's Jewellery Boutique.
  1572 | D:3      | Found Onkaofil's Distillery.
  2222 | D:3      | Found Gurr's Magic Scroll Shoppe.
  2390 | D:3      | Reached XP level 4. HP: 42/42 MP: 4/8
  2704 | D:2      | Reached skill level 1 in Maces & Flails
  2704 | D:2      | Reached XP level 5. HP: 37/50 MP: 2/9
  3708 | D:3      | Bought a scroll of blinking for 82 gold pieces
  3764 | D:4      | Reached XP level 6. HP: 33/59 MP: 4/11
  4622 | D:4      | Reached XP level 7. HP: 63/67 MP: 8/12
  5173 | D:5      | Entered Level 5 of the Dungeon
  5189 | D:5      | Learned a level 4 spell: Hailstorm
  5473 | D:5      | Found a radiant altar of Vehumet.
  5476 | D:5      | Became a worshipper of Vehumet
  5479 | D:5      | Found an ancient bone altar of Kikubaaqudgha.
  5480 | D:5      | Found a shimmering blue altar of Sif Muna.
  5485 | D:5      | Got Sif Muna's Handbook of Companions
  6132 | D:5      | Found Qyoshaify's Assorted Antiques.
  6141 | D:5      | Bought a red potion for 27 gold pieces
  6141 | D:5      | Bought a scroll labelled JOAMEIJ JIDD for 30 gold pieces
  6141 | D:5      | Bought a scroll labelled BICAINO MIRHOCROY for 30 gold
                  | pieces
  6141 | D:5      | Bought a smoky dark potion for 27 gold pieces
  6265 | D:3      | Bought a scroll of magic mapping for 38 gold pieces
  6315 | D:3      | Bought a potion of degeneration for 12 gold pieces
  6410 | D:6      | Noticed Blork the orc
  6723 | D:6      | Killed Blork the orc
  7066 | D:6      | Reached XP level 8. HP: 68/79 MP: 14/14
  7261 | D:6      | Reached skill level 5 in Ice Magic
  7849 | D:6      | Found a staircase to the Ecumenical Temple.
  8172 | D:7      | Noticed a wyvern
  8188 | D:7      | Killed a wyvern
  8189 | D:7      | Reached skill level 5 in Fighting
  8292 | D:7      | HP: 1/79 [killer bee zombie (7)]
  8296 | D:7      | Slain by a killer bee zombie

Illustrated notes

Levels and vault maps discovered:
D:1:      eino_arrival_druids_welcome, layout_loops_ring,
          shapermc_ecumenical_altar_ellora, minmay_hexomino_p4
D:2:      layout_loops_ring, minmay_lizard_pond
D:3:      layout_basic, serial_shops, nicolae_shop_window_shopping, shop,
          nicolae_lakefront_shop, nicolae_diamond_shop, minmay_circle_x
D:4:      layout_gridville, hangedman_decor_push
D:5:      layout_gridville, grunt_temple_overflow_magic_moments, serial_shops,
          nicolae_shop_overgrown_old_shop
D:6:      layout_basic, minmay_temple_entry_poolview, uniq_blork_the_orc
D:7:      layout_basic, nicolae_ru_great_annihilating_truth

Skill      XL: |  1  2  3  4  5  6  7  8 |
---------------+-------------------------+-----
Fighting       | 1 2 3 4 5 |  5.1
Dodging        | 2 3 4 |  4.0
Stealth        | 2 3 |  3.5
Spellcasting   | 3 4 |  4.9
Ice Magic      | 4 5 |  5.2
Maces & Flails | 1 2 3 |  3.2

Action                   |  1- 3 |  4- 6 |  7- 9 || total
-------------------------+-------+-------+-------++-------
Melee: Unarmed           |    10 |       |       ||    10
       Flail             |    34 |    80 |    15 ||   129
       Morningstar       |       |       |    86 ||    86
       Punch             |       |       |     1 ||     1
 Cast: Freeze            |    38 |    54 |    21 ||   113
       Frozen Ramparts   |     1 |     3 |    11 ||    15
       Ozocubu's Armour  |       |     2 |    15 ||    17
       Hailstorm         |       |       |     1 ||     1
  Use: Scroll            |       |       |     7 ||     7
       Potion            |       |       |     4 ||     4
 Stab: Sleeping          |     3 |     4 |     1 ||     8
Armor: Robe              |    36 |    42 |    75 ||   153
Dodge: Dodged            |    45 |    70 |   106 ||   221
